 Dungeon Crawl Stone Soup version 0.25-a0-713-g4845790874 (webtiles) character file.

Game seed: 10053273047511305129, levelgen mode: deterministic

9 Mgcat the Skirmisher (level 2, -2/24 HPs)
             Began as a Mummy Berserker on Apr 5, 2020.
             Was a Follower of Trog.
             Hit by a silver javelin thrown by a hobgoblin (3 damage)
             ... on level 1 of the Dungeon.
             The game lasted 00:00:42 (654 turns).

Mgcat the Skirmisher (Mummy Berserker)               Turns: 654, Time: 00:00:43

Health: -2/24      AC:  2    Str: 20    XL:     2   Next: 3%
Magic:  2/2        EV: 12    Int:  6    God:    Trog [*.....]
Gold:   21         SH:  0    Dex: 11    Spells: 1/1 levels left

rFire    x . .     SeeInvis .   a - +0 hand axe
rCold    + . .     Gourm    .   (no shield)
rNeg     + + +     Faith    .   b - +0 animal skin
rPois    ∞         Spirit   .   (no helmet)
rElec    .         Reflect  .   (no cloak)
rCorr    .         Harm     .   (no gloves)
MR       .....                  (no boots)
Stlth    +.........             (no amulet)
HPRegen  0.08/turn              (no ring)
MPRegen  0.08/turn              (no ring)

@: no status effects
A: no food or potions, fire vulnerability, cold resistance 1, negative energy
resistance 3, torment resistance, unbreathing
a: Renounce Religion


You were on level 1 of the Dungeon.
You worshipped Trog.
Trog was aware of your devotion.
You were not hungry.

You visited 1 branch of the dungeon, and saw 1 of its levels.

You collected 21 gold pieces.

Inventory:

Hand Weapons
 a - a +0 hand axe (weapon)
Armour
 b - a +0 animal skin (worn)
Scrolls
 c - a scroll of enchant weapon {unknown}


   Skills:
 + Level 3.2 Fighting
 * Level 2.8 Axes
 - Level 1.5 Armour
 - Level 1.5 Dodging


You had one spell level left.
You didn't know any spells.
Your spell library was empty.

Dungeon Overview and Level Annotations

Branches:
Dungeon (1/15)

Altars:


Innate Abilities, Weirdness & Mutations

You do not eat or drink.
Your flesh is vulnerable to fire.
You are immune to poison.
Your flesh is cold resistant. (rC+)
You are immune to negative energy. (rN+++)
You are immune to unholy pain and torment.
You can survive without breathing.


Message History

You kill the rat!
Trog accepts your kill.
No target in view!
No target in view!
HP restored.
c - a shiny emerald ring Health restored: 18
c - a ring of wizardry (left hand)
Found a stone staircase leading down.
There is a stone staircase leading down here.
A bat comes into view.
Okay, then.
Unknown command.
Drop what? 3/52 slots (_ for help) (? for menu, Esc to quit)
Really drop
c - a ring of wizardry {Wiz+, !d}?
You remove your ring of wizardry {Wiz+, !d}.
You drop an uncursed ring of wizardry {Wiz+, !d}.
You hit the bat.
You kill the bat!
Trog accepts your kill.
You see here a bat corpse.
You now have 12 gold pieces.
c - a scroll labeled ALAMIU SEGOKHOR A bat comes into view.
You start waiting.
A giant cockroach comes into view.
Spoiler Alert: The giant cockroach (wandering) is fast!
Lua error: [string "/dgldir/rcfiles/crawl-git/Mgcat.rc"]:930: invalid capture index A giant cockroach is nearby!
Lua error: [string "/dgldir/rcfiles/crawl-git/Mgcat.rc"]:930: invalid capture index Lua error: [string "/dgldir/rcfiles/crawl-git/Mgcat.rc"]:930: invalid capture index You start waiting.
Done waiting.
You start waiting.
Done waiting.
Unknown command.
Unknown command.
You open the door.
There is an open door here.
You open the door.
There is an open door here.
Found an escape hatch in the floor.
You see here 23 sling bullets.
A hobgoblin comes into view.
A hobgoblin is nearby!
You hit the hobgoblin.
The hobgoblin is heavily wounded.
The hobgoblin barely misses you. The hobgoblin misses you.
You hit the hobgoblin.
You kill the hobgoblin!
Trog accepts your kill.
No target in view!
You see here a hobgoblin corpse.
There is an open door here.
There is an open door here.
There is an open door here.
You now have 21 gold pieces (gained 9).
Found a stone staircase leading down.
You see here a hobgoblin corpse.
There is an open door here.
There is an open door here.
A bat comes into view.
No target in view!
An ooze comes into view.
The ooze quivers.
No target in view!
The ooze is too close now for your liking.
You hit the ooze.
The ooze is heavily wounded.
The ooze hits you.
You take 3 damage, and have 15/18 hp.
You hit the ooze.
The ooze is almost dead.
The bat hits you but does no damage. The ooze hits you.
You take 1 damage, and have 14/18 hp.
You barely miss the ooze.
The ooze is almost dead.
You hit the bat.
You kill the bat!
Trog accepts your kill.
A kobold comes into view. It is wielding a +0 short sword.
The ooze hits you.
You take 4 damage, and have 10/18 hp.
MASSIVE DAMAGE!!
You are too injured to fight recklessly!
You are too injured to fight recklessly!
A hobgoblin comes into view. It is quivering 7 silver javelins.
The hobgoblin shouts!
You slash the ooze!
You kill the ooze!
Trog accepts your kill.
You have reached level 2!
The hobgoblin throws a silver javelin.
The silver javelin pierces through you but does no damage.
You regained 2 hp, and now have 13/24 hp.
MP restored: 2 The hobgoblin throws a silver javelin.
The silver javelin pierces through you.
You take 4 damage, and have 9/24 hp.
The hobgoblin throws a silver javelin.
The silver javelin pierces through you!
* * * LOW HITPOINT WARNING * * *
You die...

### ##### ..# #...#### #.#
#.#..... #.# #...#### #g#
##.## ####.# #.# #....# #.#
#"..@# ####.## #...##
#.....# ##(## #.##..# #.##
#.#...## ####.%## #.#.#..##
...#......#######.......##
.....'......................
.....#.##...#########.#...##
.... #. #...# #.##.##


You could see a hobgoblin.

Vanquished Creatures
  An ooze (D:1)
  A hobgoblin (D:1)
  2 bats (D:1)
  A rat (D:1)
5 creatures vanquished.

Notes
Turn   | Place    | Note
-------+----------+-------------------------------------------
     0 | D:1      | Mgcat the Mummy Berserker began the quest for the Orb.
     0 | D:1      | Reached XP level 1. HP: 18/18 MP: 1/1
   652 | D:1      | Reached XP level 2. HP: 14/24 MP: 2/2
   654 | D:1      | HP: 1/24 [hobgoblin/silver javelin (8)]
   654 | D:1      | Hit by a silver javelin thrown by a hobgoblin

Levels and vault maps discovered:
D:1:      minmay_arrival_stair_chambers, layout_loops_corners,
          chequers_serial_rivers_small_a

Action                   || total
-------------------------++-------
Melee: Hand axe          ||     8
Armor: Animal skin       ||     2
Dodge: Dodged            ||     2

Table legend:
 A = Non-vault XP
 B = Vault XP
 C = Vault XP percentage of total XP
 D = Non-vault monster count
 E = Vault monster count
 F = Vault count percentage of total count
                 A         B        C        D         E       F
            +---------+---------+-------+---------+---------+-------
      Total |      13 |       0 |   0.0 |       5 |       0 |   0.0
            +---------+---------+-------+---------+---------+-------
        D:1 |      13 |       0 |   0.0 |       5 |       0 |   0.0
            +---------+---------+-------+---------+---------+-------

Levels and vault maps discovered:
D:1:      minmay_arrival_stair_chambers, layout_loops_corners,
          chequers_serial_rivers_small_a

Table legend:
 A = Turns spent in this place as a percentage of turns spent in the entire game.
 B = Non-inter-level travel turns spent in this place as a percentage of non-inter-level travel turns spent in the entire game.
 C = Inter-level travel turns spent in this place as a percentage of turns spent in this place.
 D = Turns resting spent in this place as a percentage of non-inter-level travel turns spent in this place.
 E = Turns spent auto-exploring this place as a percentage of non-inter-level travel turns spent in this place.
 F = Non-inter-level travel turns spent in this place divided by the number of levels of this place that you've seen.
                   A       B       C       D       E      F
               +-------+-------+-------+-------+-------+----------------------
         Total | 100.0 | 100.0 |   0.0 |  38.4 |  53.7 | 654.0
       Dungeon | 100.0 | 100.0 |   0.0 |  38.4 |  53.7 | 654.0
               +-------+-------+-------+-------+-------+----------------------

Table legend:
 A = Kills in this place as a percentage of kills in entire the game.
 B = Kills by you in this place as a percentage of kills by you in the entire game.
 C = Kills by friends in this place as a percentage of kills by friends in the entire game.
 D = Other kills in this place as a percentage of other kills in the entire game.
 E = Experience gained in this place as a percentage of experience gained in the entire game.
 F = Experience gained in this place divided by the number of levels of this place that you have seen.
                   A       B       C       D       E      F
               +-------+-------+-------+-------+-------+----------------------
         Total | 100.0 | 100.0 |   N/A |   N/A | 100.0 |  13.0
       Dungeon | 100.0 | 100.0 |   N/A |   N/A | 100.0 |  13.0
               +-------+-------+-------+-------+-------+----------------------
